[ AOE2 MATCH · #508790222 ]
UnrankedGoths vs Civ #60
Player's team · LOSS
Rival team · WIN
[ REPLAY ANALYSIS · EXTRACTED FROM THE RECORDED GAME ]
Feudal
10:30
Castle
27:51
Imperial
—
| APM avg | 46.1 |
| APM peak | 91 |
| eAPM avg | 25.8 |
| Villagers / military | 85 / 57 |
Focus
⚔️ 38.5% · 🌾 61.5%
Skirmisher ×25 · Huskarl ×13 · Militia ×9 · Archer ×7 · Mangonel ×3
Feudal
10:27
Castle
26:02
Imperial
—
| APM avg | 64.9 |
| APM peak | 98 |
| eAPM avg | 30.6 |
| Villagers / military | 96 / 67 |
Focus
⚔️ 35.2% · 🌾 64.8%
Archer ×23 · Militia ×22 · Battering Ram ×11 · Petard ×9 · Unknown (2703) ×5 · Monk ×2
Match map
Initial resources + every placement click. Lines = walls · curves = elevation contours. ◆ gold · ⬟ stone · ● berries · ✦ relic · ◌ wall gap
Your base· Open — unwalled flank
demon's base· Open — unwalled flank
Smoothed initial terrain · ◌ = detected wall gap · hover for details
Inputs per minute
— legolas27 - - demon
Build order — legolas27
First 150 of 210 actions detected
| 0:00 | Queue | Villager (Male) |
| 0:01 | Queue | Villager (Male) |
| 0:01 | Queue | Villager (Male) |
| 0:02 | Build | House |
| 0:04 | Build | House |
| 0:15 | Queue | Villager (Male) |
| 0:49 | Research | Loom |
| 1:23 | Queue | Villager (Male) |
| 1:51 | Build | Lumber Camp |
| 1:59 | Queue | Villager (Male) |
| 2:00 | Queue | Villager (Male) |
| 2:16 | Queue | Villager (Male) |
| 2:49 | Queue | Villager (Male) |
| 3:04 | Queue | Villager (Male) |
| 3:47 | Build | House |
| 3:58 | Queue | Villager (Male) |
| 3:59 | Queue | Villager (Male) |
| 4:34 | Queue | Villager (Male) |
| 4:35 | Queue | Villager (Male) |
| 4:57 | Build | Barracks |
| 5:12 | Queue | Villager (Male) |
| 5:13 | Queue | Villager (Male) |
| 5:22 | Queue | Villager (Male) |
| 5:23 | Queue | Villager (Male) |
| 5:25 | Build | House |
| 6:29 | Queue | Villager (Male) |
| 6:29 | Queue | Villager (Male) |
| 6:30 | Queue | Villager (Male) |
| 6:30 | Queue | Villager (Male) |
| 6:30 | Queue | Villager (Male) |
| 7:00 | Build | Mining Camp |
| 7:21 | Queue | Villager (Male) |
| 7:52 | Build | Mill |
| 7:52 | Queue | Villager (Male) |
| 7:57 | Queue | Militia |
| 8:20 | Research | Feudal Age |
| 8:21 | Queue | Militia |
| 8:25 | Build | House |
| 9:09 | Queue | Militia |
| 9:30 | Queue | Militia |
| 9:56 | Queue | Militia |
| 10:30 | Age | Feudal Age |
| 10:33 | Research | Man-at-Arms (upgrade) |
| 10:33 | Queue | Villager (Male) |
| 10:34 | Queue | Villager (Male) |
| 10:58 | Queue | Villager (Male) |
| 10:59 | Queue | Villager (Male) |
| 11:20 | Queue | Villager (Male) |
| 11:20 | Queue | Villager (Male) |
| 11:38 | Queue | Militia |
| 11:38 | Queue | Militia |
| 11:39 | Queue | Militia |
| 11:57 | Queue | Villager (Male) |
| 12:05 | Queue | Villager (Male) |
| 12:06 | Queue | Villager (Male) |
| 12:06 | Queue | Villager (Male) |
| 12:18 | Build | Mill |
| 12:56 | Queue | Villager (Male) |
| 12:59 | Queue | Militia |
| 13:03 | Build | Archery Range |
| 13:09 | Build | House |
| 13:49 | Queue | Villager (Male) |
| 13:49 | Queue | Villager (Male) |
| 13:50 | Queue | Villager (Male) |
| 14:13 | Queue | Villager (Male) |
| 14:14 | Queue | Villager (Male) |
| 14:15 | Queue | Skirmisher |
| 14:15 | Queue | Skirmisher |
| 14:17 | Build | Blacksmith |
| 14:22 | Build | House |
| 14:23 | Build | House |
| 14:24 | Build | House |
| 14:35 | Queue | Skirmisher |
| 14:48 | Build | Outpost |
| 14:53 | Build | Palisade Wall |
| 14:54 | Queue | Villager (Male) |
| 14:55 | Queue | Villager (Male) |
| 15:01 | Build | Farm |
| 15:02 | Build | Farm |
| 15:03 | Build | Farm |
| 15:06 | Research | Double-Bit Axe |
| 15:07 | Research | Fletching |
| 15:07 | Research | Fletching |
| 15:11 | Build | Farm |
| 15:12 | Build | Farm |
| 15:15 | Queue | Skirmisher |
| 15:22 | Build | Farm |
| 15:23 | Build | Farm |
| 15:42 | Build | Farm |
| 15:42 | Queue | Villager (Male) |
| 15:51 | Queue | Villager (Male) |
| 16:00 | Build | Farm |
| 16:01 | Build | Farm |
| 16:16 | Queue | Villager (Male) |
| 16:19 | Queue | Villager (Male) |
| 16:20 | Queue | Villager (Male) |
| 16:28 | Queue | Villager (Male) |
| 16:40 | Build | Mining Camp |
| 16:58 | Build | Watch Tower |
| 17:03 | Research | Wheelbarrow |
| 17:03 | Queue | Villager (Male) |
| 17:04 | Queue | Villager (Male) |
| 17:04 | Queue | Villager (Male) |
| 17:09 | Build | House |
| 17:46 | Build | Farm |
| 18:06 | Build | Watch Tower |
| 18:27 | Build | Lumber Camp |
| 18:32 | Build | Palisade Wall |
| 18:34 | Build | Palisade Wall |
| 18:39 | Build | House |
| 18:46 | Queue | Skirmisher |
| 19:08 | Queue | Skirmisher |
| 19:08 | Queue | Skirmisher |
| 19:11 | Build | Palisade Wall |
| 19:14 | Build | Palisade Wall |
| 19:30 | Build | Watch Tower |
| 20:11 | Build | House |
| 20:29 | Queue | Skirmisher |
| 20:29 | Queue | Skirmisher |
| 20:29 | Queue | Skirmisher |
| 20:29 | Queue | Skirmisher |
| 20:30 | Queue | Villager (Male) |
| 20:30 | Queue | Villager (Male) |
| 20:31 | Queue | Villager (Male) |
| 20:48 | Queue | Villager (Male) |
| 20:49 | Queue | Villager (Male) |
| 20:49 | Queue | Villager (Male) |
| 20:52 | Queue | Skirmisher |
| 20:52 | Queue | Skirmisher |
| 21:08 | Research | Padded Archer Armor |
| 21:08 | Queue | Villager (Male) |
| 21:08 | Queue | Villager (Male) |
| 21:09 | Queue | Villager (Male) |
| 21:29 | Queue | Villager (Male) |
| 21:29 | Queue | Villager (Male) |
| 21:30 | Queue | Villager (Male) |
| 21:53 | Queue | Villager (Male) |
| 21:58 | Build | Market |
| 21:59 | Build | House |
| 22:00 | Build | House |
| 22:42 | Queue | Villager (Male) |
| 22:54 | Build | Watch Tower |
| 23:00 | Queue | Villager (Male) |
| 23:01 | Queue | Villager (Male) |
| 23:01 | Queue | Villager (Male) |
| 23:17 | Queue | Villager (Male) |
| 23:56 | Build | Palisade Wall |
| 24:46 | Build | Watch Tower |
| 25:11 | Research | Castle Age |
| 25:23 | Build | House |
Build order — demon
First 150 of 275 actions detected
| 0:01 | Queue | Villager (Male) |
| 0:02 | Queue | Villager (Male) |
| 0:03 | Build | House |
| 0:05 | Build | House |
| 0:05 | Queue | Villager (Male) |
| 0:06 | Queue | Villager (Male) |
| 1:24 | Queue | Villager (Male) |
| 1:25 | Queue | Villager (Male) |
| 2:05 | Queue | Villager (Male) |
| 2:05 | Queue | Villager (Male) |
| 2:20 | Queue | Villager (Male) |
| 2:21 | Queue | Villager (Male) |
| 2:51 | Queue | Villager (Male) |
| 3:11 | Build | Lumber Camp |
| 3:12 | Queue | Villager (Male) |
| 3:12 | Queue | Villager (Male) |
| 3:39 | Queue | Villager (Male) |
| 3:40 | Queue | Villager (Male) |
| 4:11 | Queue | Villager (Male) |
| 4:11 | Queue | Villager (Male) |
| 4:16 | Build | House |
| 4:40 | Research | Loom |
| 4:40 | Research | Loom |
| 4:51 | Build | Mill |
| 4:51 | Queue | Villager (Male) |
| 4:52 | Queue | Villager (Male) |
| 5:10 | Queue | Villager (Male) |
| 5:10 | Queue | Villager (Male) |
| 5:23 | Queue | Villager (Male) |
| 5:23 | Queue | Villager (Male) |
| 5:31 | Build | House |
| 6:13 | Queue | Villager (Male) |
| 6:14 | Queue | Villager (Male) |
| 6:14 | Queue | Villager (Male) |
| 6:14 | Queue | Villager (Male) |
| 6:29 | Queue | Villager (Male) |
| 6:30 | Queue | Villager (Male) |
| 6:50 | Build | Barracks |
| 7:48 | Build | Mining Camp |
| 7:49 | Queue | Villager (Male) |
| 8:08 | Build | House |
| 8:11 | Build | Palisade Wall |
| 8:12 | Queue | Militia |
| 8:13 | Queue | Militia |
| 8:13 | Queue | Militia |
| 8:17 | Research | Feudal Age |
| 8:18 | Research | Feudal Age |
| 8:22 | Queue | Militia |
| 8:22 | Queue | Militia |
| 8:24 | Queue | Militia |
| 8:24 | Queue | Militia |
| 8:24 | Queue | Militia |
| 8:50 | Queue | Militia |
| 8:50 | Queue | Militia |
| 9:18 | Queue | Militia |
| 9:51 | Build | House |
| 10:24 | Build | Outpost |
| 10:27 | Age | Feudal Age |
| 10:30 | Research | Man-at-Arms (upgrade) |
| 10:31 | Research | Man-at-Arms (upgrade) |
| 10:42 | Queue | Villager (Male) |
| 10:42 | Queue | Villager (Male) |
| 10:48 | Queue | Militia |
| 10:48 | Queue | Militia |
| 10:59 | Queue | Villager (Male) |
| 10:59 | Queue | Villager (Male) |
| 11:15 | Queue | Villager (Male) |
| 11:15 | Queue | Villager (Male) |
| 11:15 | Queue | Villager (Male) |
| 11:15 | Queue | Villager (Male) |
| 11:21 | Build | Archery Range |
| 11:38 | Research | Double-Bit Axe |
| 11:38 | Research | Double-Bit Axe |
| 11:40 | Queue | Villager (Male) |
| 11:40 | Queue | Villager (Male) |
| 11:40 | Queue | Villager (Male) |
| 11:41 | Queue | Villager (Male) |
| 11:52 | Build | House |
| 11:57 | Build | Palisade Gate |
| 11:58 | Build | Palisade Wall |
| 12:07 | Build | House |
| 12:18 | Queue | Archer |
| 12:18 | Queue | Archer |
| 12:23 | Build | House |
| 12:25 | Queue | Archer |
| 12:25 | Queue | Archer |
| 13:11 | Queue | Archer |
| 13:12 | Queue | Archer |
| 13:15 | Build | Archery Range |
| 13:16 | Queue | Villager (Male) |
| 13:16 | Queue | Villager (Male) |
| 13:17 | Queue | Villager (Male) |
| 13:17 | Queue | Villager (Male) |
| 13:51 | Build | Farm |
| 13:59 | Queue | Villager (Male) |
| 14:00 | Queue | Villager (Male) |
| 14:00 | Queue | Villager (Male) |
| 14:46 | Build | Lumber Camp |
| 14:52 | Build | Palisade Wall |
| 15:01 | Queue | Archer |
| 15:03 | Queue | Archer |
| 15:35 | Build | Blacksmith |
| 15:40 | Queue | Archer |
| 15:41 | Queue | Archer |
| 15:42 | Queue | Villager (Male) |
| 15:43 | Queue | Villager (Male) |
| 15:43 | Queue | Villager (Male) |
| 15:43 | Queue | Villager (Male) |
| 15:49 | Build | Farm |
| 16:00 | Build | Farm |
| 16:16 | Build | Farm |
| 16:21 | Queue | Archer |
| 16:22 | Queue | Archer |
| 16:29 | Build | House |
| 16:32 | Build | House |
| 16:40 | Research | Fletching |
| 16:40 | Research | Fletching |
| 16:40 | Research | Fletching |
| 16:44 | Build | Farm |
| 16:47 | Queue | Archer |
| 17:01 | Build | Palisade Gate |
| 17:03 | Build | House |
| 17:14 | Build | Palisade Wall |
| 17:17 | Build | House |
| 17:19 | Build | Farm |
| 17:20 | Build | Farm |
| 17:22 | Build | Farm |
| 17:28 | Queue | Villager (Male) |
| 17:51 | Build | Farm |
| 17:53 | Build | Farm |
| 17:56 | Build | Farm |
| 17:57 | Queue | Villager (Male) |
| 18:03 | Build | House |
| 18:17 | Build | Farm |
| 18:20 | Build | Farm |
| 18:26 | Research | Padded Archer Armor |
| 18:26 | Research | Padded Archer Armor |
| 18:49 | Queue | Archer |
| 18:49 | Queue | Archer |
| 18:49 | Queue | Archer |
| 18:50 | Queue | Archer |
| 18:58 | Queue | Villager (Male) |
| 19:02 | Build | Farm |
| 19:03 | Queue | Villager (Male) |
| 19:31 | Build | Lumber Camp |
| 19:51 | Queue | Villager (Male) |
| 19:51 | Queue | Villager (Male) |
| 20:43 | Research | Wheelbarrow |
| 20:43 | Research | Wheelbarrow |
| 21:40 | Build | Outpost |
Match timeline
| 4:57 | legolas27 · first_building Barracks |
| 6:50 | demon · first_building Barracks |
| 8:11 | demon · wall_segment Palisade Wall x9 |
| 10:27 | demon · age_up feudal |
| 10:30 | legolas27 · age_up feudal |
| 11:21 | demon · first_building Archery Range |
| 11:58 | demon · wall_segment Palisade Wall x1 |
| 13:03 | legolas27 · first_building Archery Range |
| 14:52 | demon · wall_segment Palisade Wall x8 |
| 14:53 | legolas27 · wall_segment Palisade Wall x13 |
| 17:14 | demon · wall_segment Palisade Wall x6 |
| 18:32 | legolas27 · wall_segment Palisade Wall x9 |
| 18:34 | legolas27 · wall_segment Palisade Wall x6 |
| 19:11 | legolas27 · wall_segment Palisade Wall x6 |
| 19:14 | legolas27 · wall_segment Palisade Wall x2 |
| 22:48 | legolas27 · first_market_buy 100 stone |
| 23:49 | legolas27 · first_market_sell 500 wood |
| 23:56 | legolas27 · wall_segment Palisade Wall x1 |
| 24:22 | demon · first_market_buy 100 food |
| 26:02 | demon · age_up castle |
| 26:18 | demon · first_building Siege Workshop |
| 26:49 | demon · first_market_sell 100 wood |
| 27:51 | legolas27 · age_up castle |
| 29:22 | legolas27 · first_building Siege Workshop |
| 30:44 | demon · first_building Castle |
| 30:51 | legolas27 · first_building Castle |
| 33:02 | demon · first_building Monastery |
| 35:44 | legolas27 · resign |
[ AI ANALYSIS · 1 CREDIT ]
What really happened in this match?
Wolo.gg analyzes every decision: build order, eco, micro, common mistakes by bracket. Personalized analysis on WhatsApp or Discord in 30 seconds.
Civ guide
Goths
Perfil
Jugador #2620174